 Dungeon Crawl Stone Soup version 0.16.1-25-gbcee3f8 (webtiles) character file.

44 Z4ng3tsu the Skirmisher (level 3, 0/29 HPs)
             Began as a Demonspawn Abyssal Knight on May 19, 2015.
             Was a Follower of Lugonu.
             Slain by an orc
             ... wielding a +0 trident
              (6 damage)
             ... on level 3 of the Dungeon.
             The game lasted 00:14:03 (1670 turns).

Z4ng3tsu the Skirmisher (Demonspawn Abyssal Knight) Turns: 1670, Time: 00:14:04

Health: 0/29       AC:  7    Str: 13    XL:     3   Next: 41%
Magic:  4/4        EV: 12    Int: 13    God:    Lugonu [*.....]
Gold:   62         SH:  0    Dex: 12    Spells: 0 memorised, 2 levels left

rFire  . . .     SeeInvis .     a - +1 falchion
rCold  . . .     Clarity  .     b - +0 leather armour
rNeg   . . .     SustAb   .     (no shield)
rPois  .         Gourm    .     (no helmet)
rElec  .         Spirit   .     (no cloak)
rCorr  .         Warding  .     (no gloves)
rMut   .         Stasis   .     (no boots)
MR     .....                    (no amulet)
Stlth  +.........               (no ring)
                                (no ring)

@: not resistant to hostile enchantments, very unstealthy
A: iridescent scales 1
a: Depart the Abyss, Renounce Religion


You were on level 3 of the Dungeon.
You worshipped Lugonu.
Lugonu was aware of your devotion.
You were not hungry.

You visited 1 branch of the dungeon, and saw 3 of its levels.
You visited the Abyss 1 time.

You collected 62 gold pieces.

Inventory:

Hand weapons
 a - a +1 falchion (weapon)
Armour
 b - a +0 leather armour (worn)
 h - a +0 ring mail
Scrolls
 d - 2 scrolls of amnesia
 e - 2 scrolls of remove curse {unknown}
 i - a scroll of teleportation {unknown}
 l - a scroll of fear {unknown}
Potions
 c - 2 potions of cure mutation {unknown}
 f - a potion of lignification
 k - a potion of degeneration {unknown}
 m - a potion of heal wounds {unknown}


   Skills:
 + Level 3.4 Fighting
 + Level 2.1 Long Blades
 + Level 1.9 Armour
 + Level 2.0 Dodging
 + Level 2.8 Invocations


You had 2 spell levels left.
You didn't know any spells.

Dungeon Overview and Level Annotations

Branches:
Dungeon (3/15)

Altars:
Yredelemnul


Innate Abilities, Weirdness & Mutations

You are partially covered in iridescent scales (AC +4).


Message History

* * * LOW HITPOINT WARNING * * *
The orc hits you from afar with a trident.
* * * LOW HITPOINT WARNING * * *
You hit the kobold.
You kill the kobold!
Lugonu accepts your kill.
Your Dodging skill increases to level 2!
The orc completely misses you.
Identify which item? (\ to view known items) (? for menu, Esc to quit)
As you read the scroll of identify, it crumbles to dust.
g - a potion of curing The orc hits you but does no damage.
You see here 25 arrows.
There is an open door here.
Drink which item? (? for menu, Esc to quit)
You feel better. The orc closely misses you. The orc hits you with a trident.
* * * LOW HITPOINT WARNING * * *
You barely miss the orc. The orc hits you with a trident.
You die...

############
#..........#
#.........<+
###..........###.#
#................#
#........#########
#........##.#
#........'@.#
#........##o#
#........##.#
#........##.####
#........##.(..#
#........#####.#
.g##################.#
..........(.....(..).#
.......###############


You could see an orc.

Vanquished Creatures
  An adder (D:3)
  A giant gecko (D:1)
  An ooze (D:3)
  7 bats
  A giant cockroach (D:1)
  7 goblins
  2 hobgoblins (D:1)
  3 jackals (D:2)
  2 kobolds
  2 quokkas
  3 giant newts
  A rat (D:1)
31 creatures vanquished.

Notes
Turn   | Place    | Note
--------------------------------------------------------------
     0 | Abyss:1  | Z4ng3tsu, the Demonspawn Abyssal Knight, began the quest for the Orb.
     0 | Abyss:1  | Reached XP level 1. HP: 18/18 MP: 1/1
   118 | Abyss:1  | Noticed a large abomination
   122 | D:1      | Escaped the Abyss
   130 | D:1      | Reached skill level 1 in Dodging
   494 | D:1      | Gained mutation: You are partially covered in iridescent scales (AC +4). [demonic ancestry]
   494 | D:1      | Reached XP level 2. HP: 24/24 MP: 2/2
  1181 | D:2      | Acquired Lugonu's first power
  1254 | D:2      | Found a basalt altar of Yredelemnul.
  1425 | D:2      | Reached XP level 3. HP: 21/29 MP: 4/4
  1670 | D:3      | Slain by an orc

Action                   || total
-------------------------++-------
Melee: Falchion          ||   127
Invok: Depart the Abyss  ||     1
  Use: Scroll            ||     6
       Potion            ||     2
  Eat: Bread ration      ||     1
